 Dungeon Crawl Stone Soup version 0.26.0-10-g1f06aea511 (webtiles) character file.

Game seed: 9745532297342319308

1624 shitwizard the Cleaver (level 8, -7/94 HPs)
             Began as a Demonspawn Chaos Knight on Jan 24, 2021.
             Was a Plaything of Xom.
             Mangled by Harold
             ... wielding a +0 war axe
              (11 damage)
             ... on level 7 of the Dungeon.
             The game lasted 00:25:22 (7563 turns).

shitwizard the Cleaver (Demonspawn Chaos Knight)    Turns: 7563, Time: 00:25:22

Health: -7/94      AC: 24    Str: 11 (13) XL:     8   Next: 65%
Magic:  0/8        EV:  2    Int: 17 (19) God:    Xom [...*..]
Gold:   361        SH:  5    Dex: 12 (13) Spells: 7/7 levels left

rFire    . . .     SeeInvis .   a - +0 hand axe (chaos)
rCold    . . .     Faith    .   E - +0 buckler
rNeg     + + +     Spirit   +   (armour currently unavailable)
rPois    +         Reflect  .   (helmet currently unavailable)
rElec    .         Harm     .   (cloak currently unavailable)
rCorr    .         Rampage  .   (gloves currently unavailable)
Will     +....     Clarity  +   (boots currently unavailable) Stlth +.........NoTele +
                                (no amulet)
HPRegen  0.25/turn              h - ring of willpower
MPRegen  0.11/turn              p - ring of flight

@: agile, tree-form
A: clarity, clever 2, sense surroundings 2, powered by pain 1, robust 1,
evolution 1, magic shield, MP-powered wands
a: Renounce Religion


You were on level 7 of the Dungeon.
You worshipped Xom.
You were a favourite toy of Xom.
You were a tree.
You visited 1 branch of the dungeon, and saw 8 of its levels.

You collected 361 gold pieces.

Inventory:

Hand Weapons
 a - a +0 hand axe of chaos (weapon)
 j - a +0 vorpal hand axe
 q - a +0 hunting sling
 B - a +2 rapier of chaos
Missiles
 f - 50 sling bullets
 s - 140 stones (quivered)
 F - 12 boomerangs
Armour
 b - a +2 leather armour (melded)
 m - a +4 ring mail
 w - a +2 robe of cold resistance
 E - a +0 buckler (worn)
Jewellery
 h - a ring of willpower (left branch)
 p - a ring of flight (right branch)
 y - an uncursed ring of fire
 C - an uncursed ring of flight
 D - an uncursed ring of magical power
Wands
 l - a wand of acid (8)
 v - a wand of polymorph (7)
 G - a wand of flame (16)
Scrolls
 c - 3 scrolls of immolation
 d - 2 scrolls of identify
 g - 4 scrolls of remove curse
 i - 2 scrolls of amnesia
 k - a scroll of noise
 u - 2 scrolls of fog {unknown}
Potions
 e - a potion of curing
 n - a potion of lignification


   Skills:
 - Level 3.4 Fighting
 - Level 9.2 Axes
 - Level 1.9 Armour
 + Level 1.1 Dodging
 - Level 4.3 Shields


You had 7 spell levels left.
You didn't know any spells.
Your spell library contained the following spells:

 Spells                   Type           Power        Failure   Level
 Beastly Appendage        Tmut           0%           24%         1
 Wereblood                Tmut           0%           34%         2
 Spider Form              Tmut/Pois      0%           56%         3
 Ice Form                 Ice/Tmut       0%           93%         4
 Blade Hands              Tmut           0%           100%        5


Dungeon Overview and Level Annotations

Branches:
Dungeon (8/15)             Temple (0/1) D:4
   Lair: D:8-11

Altars:
Nemelex Xobeh
Trog
Vehumet
Xom
Zin

Shops:
D:4 *

Annotations:
D:7 Harold, Maggie
D:8 Prince Ribbit


Innate Abilities, Weirdness & Mutations

((You have a pair of antennae on your head.))
((You are mostly covered in slimy green scales. (AC +3)))
You sometimes gain a little power by taking damage.
When hurt, damage is shared between your health and your magic reserves.
((You have large cloven feet.))
You possess an exceptional clarity of mind.
Your mind is very acute. (Int +4)
((Armour fits poorly on your strangely shaped body.))
You passively map the area around you.
((Your system is resistant to poisons. (rPois)))
You are robust. (+10% HP)
You evolve.
You expend magic power (3 MP) to strengthen your wands.


Message History

You kick something. You hit something. Something hits you.
You hit something. You barely miss something. Something hits you!
* * * LOW HITPOINT WARNING * * *
You hear some strange, mumbled words.
A harpoon shot appears from out of thin air!
The harpoon shot hits you.
* * * LOW HITPOINT WARNING * * *
You are yanked forward by the harpoon shot.
Okay, then.
You feel better. Something hits you!
* * * LOW HITPOINT WARNING * * *
Really quaff the potion of lignification?
You turn into a tree.
Your +2 leather armour melds into your body.
Your roots penetrate the ground.
Something hits you!
* * * LOW HITPOINT WARNING * * *
You closely miss something. Something hits you!
You die...

#......##.# #......##.#
#.......#.# #.......#.#
* #####...[...#$#######
.......)..>..#.[...... ,
.....#.......#.#######
######.#.........{......
,
..####.#.......#♣#######
#......#....)....#
#......######)#######
#......##....<......., ,
#......'#.###########* ,
##.....##.# {
##.[...##.#*,
##.....##.# * *
##.....##.#* *


There were no monsters in sight!

Vanquished Creatures
  A sky beast (D:5)
  2 orc warriors (D:7)
  2 ice beasts (D:7)
  A centaur (D:5)
  3 bullfrogs
  A wyvern skeleton (D:7)
  2 scorpions
  5 orc priests
  A hound (D:6)
  A jelly (D:7)
  4 orc wizards
  A bullfrog skeleton (D:5)
  Jessica (D:3)
  4 worker ants
  A gnoll (D:1)
  12 adders
  A shadow imp (D:8)
  A white imp (D:7)
  An ufetubus (D:8)
  3 worms (D:4)
  2 dart slugs
  8 leopard geckos
  21 orcs
  2 ball pythons
  7 bats
  4 giant cockroaches
  4 goblins
  8 hobgoblins
  18 jackals
  4 quokkas
  6 frilled lizards
  5 kobolds
  5 rats
142 creatures vanquished.

Vanquished Creatures (others)
  A gnoll sergeant (D:5)
  A leopard gecko (D:5)
2 creatures vanquished.

Grand Total: 144 creatures vanquished

Notes
Turn   | Place    | Note
-------+----------+-------------------------------------------
     0 | D:1      | shitwizard the Demonspawn Chaos Knight began the quest for
                  | the Orb.
     0 | D:1      | Reached XP level 1. HP: 18/18 MP: 1/1
     1 | D:1      | XOM: silly message
     7 | D:1      | XOM: potion effect (curing)
    24 | D:1      | Gained mutation: You sometimes gain a little power by
                  | taking damage. [demonic ancestry]
    24 | D:1      | Reached XP level 2. HP: 2/24 MP: 2/2
    43 | D:1      | XOM: silly message
   278 | D:1      | XOM: 8-stop teleportation journey
   322 | D:1      | XOM: give mutations
   322 | D:1      | Gained mutation: You possess an exceptional clarity of
                  | mind. [Xom's grace]
   322 | D:1      | Gained mutation: You are somewhat resistant to further
                  | mutation. [Xom's grace]
   322 | D:1      | Gained mutation: You have a pair of small antennae on your
                  | head. [Xom's grace]
   325 | D:1      | Reached skill level 3 in Axes
   486 | D:1      | XOM: give mutations
   486 | D:1      | Gained mutation: You are robust. (+10% HP) [Xom's grace]
   486 | D:1      | Gained mutation: You have large cloven feet. [Xom's grace]
   486 | D:1      | Gained mutation: Your mind is acute. (Int +2) [Xom's grace]
   486 | D:1      | Gained mutation: You expend magic power (3 MP) to
                  | strengthen your wands. [Xom's grace]
   686 | D:1      | XOM: 1-stop teleportation journey
   788 | D:1      | XOM: 1-stop teleportation journey
   801 | D:1      | XOM: god gift: scroll labelled PASEXK FIPRIB {god gift}
   823 | D:1      | XOM: cloud trail
   843 | D:1      | XOM: god gift: wand of acid (9)
  1054 | D:1      | Gained mutation: You are partially covered in slimy green
                  | scales. (AC +2) [demonic ancestry]
  1054 | D:1      | Reached XP level 3. HP: 30/31 MP: 3/3
  1180 | D:1      | XOM: give mutations
  1180 | D:1      | Gained mutation: You have a pair of antennae on your head.
                  | [Xom's grace]
  1180 | D:1      | Gained mutation: You are agile. (Dex +2) [Xom's grace]
  1305 | D:2      | Found a bloodstained altar of Trog.
  1372 | D:2      | XOM: god gift: hunting sling {god gift}
  1474 | D:2      | Reached skill level 4 in Axes
  1537 | D:2      | Gained mutation: You are mostly covered in slimy green
                  | scales. (AC +3) [demonic ancestry]
  1537 | D:2      | Reached XP level 4. HP: 32/38 MP: 4/4
  1847 | D:2      | XOM: scenery: summon butterflies
  1912 | D:2      | XOM: polymorph goblin -> leopard gecko
  1929 | D:2      | Found a radiant altar of Vehumet.
  2123 | D:3      | XOM: 3-stop teleportation journey
  2301 | D:3      | XOM: summons 4 hostile shadow creatures
  2302 | D:3      | Noticed an ice beast
  2302 | D:3      | Noticed an ogre
  2350 | D:3      | Noticed a glowing shapeshifter
  2350 | D:3      | an ice beast changed into a glowing shapeshifter
  2350 | D:3      | Noticed a faun
  2350 | D:3      | a glowing shapeshifter changed into a faun
  2351 | D:3      | Noticed a shock serpent
  2351 | D:3      | a faun changed into a shock serpent
  2553 | D:3      | Noticed Jessica
  2556 | D:3      | XOM: god gift: 22 arrows
  2564 | D:3      | Killed Jessica
  2565 | D:3      | Reached skill level 5 in Axes
  2565 | D:3      | Reached XP level 5. HP: 24/45 MP: 5/5
  2614 | D:3      | XOM: stat loss: -1 Str (11/12)
  2980 | D:3      | XOM: noise
  3236 | D:4      | Found a sparkling altar of Nemelex Xobeh.
  3387 | D:4      | Found a glowing silver altar of Zin.
  3390 | D:4      | Found a staircase to the Ecumenical Temple.
  3693 | D:4      | Found Nyikiz's General Store.
  3763 | D:4      | Reached skill level 6 in Axes
  3763 | D:4      | Reached XP level 6. HP: 36/51 MP: 6/6
  4212 | D:4      | XOM: give mutations
  4212 | D:4      | Lost mutation: You are agile. (Dex +2) [Xom's mischief]
  4212 | D:4      | Gained mutation: Armour fits poorly on your strangely
                  | shaped body. [Xom's mischief]
  4212 | D:4      | Gained mutation: You passively map a small area around you.
                  | [Xom's mischief]
  4568 | D:5      | Entered Level 5 of the Dungeon
  4642 | D:5      | Found a shimmering altar of Xom.
  4847 | D:5      | Noticed a sky beast
  4904 | D:5      | XOM: silly message
  5129 | D:5      | Reached skill level 7 in Axes
  5129 | D:5      | Mutation became permanent: You have a pair of small
                  | antennae on your head. [demonic ancestry]
  5129 | D:5      | Gained mutation: You have a pair of antennae on your head.
                  | [demonic ancestry]
  5129 | D:5      | Reached XP level 7. HP: 50/57 MP: 7/7
  5208 | D:5      | XOM: potion effect (invisibility)
  5645 | D:5      | XOM: noise
  5737 | D:6      | XOM: divination: detect items
  6026 | D:6      | Noticed a troll
  6103 | D:6      | XOM: confuse monster(s)
  6112 | D:6      | Reached skill level 8 in Axes
  6191 | D:6      | XOM: noise
  6234 | D:6      | XOM: confuse monster(s)
  6591 | D:7      | XOM: cast spell 'Statue Form'
  6623 | D:7      | Gained mutation: When hurt, damage is shared between your
                  | health and your magic reserves. [demonic ancestry]
  6623 | D:7      | Reached XP level 8. HP: 8/63 MP: 8/8
  6637 | D:7      | Reached skill level 9 in Axes
  6644 | D:7      | XOM: enchant monster (bad)
  6662 | D:7      | Noticed Harold
  6674 | D:7      | Noticed Maggie
  6721 | D:7      | XOM: god gift: 23 stones
  6763 | D:7      | XOM: silly message
  6765 | D:7      | Reached skill level 1 in Shields
  6797 | D:7      | XOM: give mutations
  6797 | D:7      | Lost mutation: You are somewhat resistant to further
                  | mutation. [Xom's grace]
  6797 | D:7      | Gained mutation: You evolve. [Xom's grace]
  6797 | D:7      | Gained mutation: Your system is resistant to poisons.
                  | (rPois) [Xom's grace]
  6797 | D:7      | Gained mutation: Your mind is very acute. (Int +4) [Xom's
                  | grace]
  7211 | D:7      | XOM: summons friendly crimson imp
  7218 | D:7      | XOM: summons friendly ufetubus
  7238 | D:7      | XOM: god gift: runed rapier {god gift}
  7257 | D:8      | Reached skill level 1 in Dodging
  7430 | D:8      | Noticed Prince Ribbit
  7431 | D:8      | Noticed a death yak
  7483 | D:7      | XOM: give mutation
  7483 | D:7      | Gained mutation: You passively map the area around you.
                  | [Xom's grace]
  7523 | D:7      | XOM: enchant monster (good)
  7562 | D:7      | HP: 4/94 [something (8)]
  7563 | D:7      | Mangled by Harold

Illustrated notes

Levels and vault maps discovered:
D:1:      sevenhm_arrival_forest_fort_large_4, layout_loops_ring
D:2:      layout_basic, lemuel_doored_altar, hex_tiny, amcnicky_mini_pool_small,
          trog_butcher_becter
D:3:      layout_basic, minivault_11, kennysheep_jessica_study
D:4:      layout_gridville, nemelex_xobeh_ov_fountains_minmay,
          nicolae_overflow_hidden_temple, minmay_temple_entry_tees,
          serial_shops, shop_statue, grunt_ministairs_6
D:5:      layout_rooms, xom_confusion_cloud, serial_bayou_pond_d,
          minmay_misc_feat_plants, minivault_1
D:6:      layout_layer_cave, nicolae_ru_path_of_blood, led_sif_book
D:7:      layout_basic, uniq_harold, uniq_maggie
D:8:      layout_basic, dpeg_lair_monsters, uniq_prince_ribbit1, uniq_pikel

Skill      XL: |  1  2  3  4  5  6  7  8 |
---------------+-------------------------+-----
Axes           | 3 4 5 6 7 8 9 |  9.2
Shields        | 4 |  4.3
Dodging        | 1 |  1.1
Fighting       | |  3.4
Armour         | |  1.9

Action                   |  1- 3 |  4- 6 |  7- 9 || total
-------------------------+-------+-------+-------++-------
Melee: Hand axe          |   110 |   197 |   185 ||   492
       Kick              |    18 |    46 |    38 ||   102
Throw: Stone             |       |       |     9 ||     9
       Throwing net      |       |       |     1 ||     1
Evoke: Wand              |       |       |     1 ||     1
  Use: Potion            |       |     6 |     9 ||    15
       Scroll            |       |     6 |    15 ||    21
 Stab: Paralysed         |     1 |       |     3 ||     4
       Invisible         |       |       |     2 ||     2
       Confused          |       |       |     1 ||     1
Armor: Leather armour    |    55 |    88 |    45 ||   188
       Skin              |       |    15 |    18 ||    33
Dodge: Dodged            |    83 |   138 |    83 ||   304
Block: Buckler           |       |       |    22 ||    22
